 Dungeon Crawl Stone Soup version 0.32-a0-468-g38b2580584 (webtiles) character file.

Game seed: 14984718639932164004

95 ezpacito the Trooper (level 4, -3/35 HPs)
             Began as a Demonspawn Chaos Knight on Feb 25, 2024.
             Was a Plaything of Xom.
             Slain by a cerulean imp
             ... wielding a +2 spear
             ... summoned by Natasha
              (5 damage)
             ... on level 2 of the Dungeon.
             The game lasted 00:01:06 (779 turns).

ezpacito the Trooper (Demonspawn Chaos Knight)       Turns: 779, Time: 00:01:07

Health: -3/35      AC:  6    Str: 15    XL:     4   Next: 39%
Magic:  5/5        EV:  6    Int: 12    God:    Xom [*.....]
Gold:   65         SH:  0    Dex: 12    Spells: 5/5 levels left

rFire   + . .        a - +0 hand axe (chaos)
rCold   + . .        (no shield)
rNeg    . . .        b - +2 leather armour
rPois   +            (no helmet)
rElec   +            (no cloak)
rCorr   +            e - +0 pair of gloves
SInv    .            (no boots)
Will    .....        (no amulet)
Stlth   +            o - +4 ring of slaying
HPRegen 0.25/turn    (no ring)
MPRegen 0.09/turn

%: no passive effects
@: resistant, held, slowed, very slow
A: hooves 1, ignite blood 1
a: Renounce Religion


You were on level 2 of the Dungeon.
You worshipped Xom.
You were a special plaything of Xom.
You visited 1 branch of the dungeon, and saw 2 of its levels.

You collected 65 gold pieces.

Inventory:

Hand Weapons
 a - a +0 hand axe of chaos (weapon)
Armour
 b - a +2 leather armour (worn)
 e - a +0 pair of gloves (worn)
 n - a +0 scale mail
Jewellery
 o - a +4 ring of slaying (left hand)
Talismans
 m - a beast talisman
Scrolls
 c - a scroll of butterflies
 d - a scroll of poison {unknown}
 h - 2 scrolls of fear {unknown}
 k - a scroll of identify {unknown}
 p - a scroll of noise {unknown}
Potions
 g - a potion of curing {unknown}
 i - a potion of heal wounds {unknown}
 j - a potion of haste {unknown}
 l - a potion of enlightenment {unknown}
 q - a potion of mutation {unknown}


   Skills:
 * Level 3.5 Fighting
 * Level 3.0(3.1) Axes
 + Level 0.5(2.0) Polearms
 * Level 2.1 Armour
 * Level 1.4 Dodging
 + Level 0.9 Stealth
 * Level 1.2 Unarmed Combat
 * Level 1.1 Spellcasting


You had 5 spell levels left.
You didn't know any spells.
Your spell library contained the following spells:

 Spells                   Type           Power      Damage    Failure   Level
 Slow                     Hex            0%         N/A       36%         1
 Confusing Touch          Hex            0%         N/A       73%         3
 Sigil of Binding         Hex            0%         N/A       73%         3
 Vampiric Draining        Necr           0%         2d6       73%         3


Dungeon Overview and Level Annotations

Branches:
Dungeon (2/15)

Altars:

Annotations:
D:2 Natasha


Innate Abilities, Weirdness & Mutations

You have large cloven feet.
Your demonic aura sometimes causes spilled blood to erupt in flames.


Message History

Natasha claws you but does no damage. The cerulean imp closely misses you.
Natasha claws you. The ribbon worm bites you.
Unknown command.
You completely miss Natasha.
Natasha is severely wounded.
You hit the ribbon worm.
The ribbon worm is poisoned.
The cerulean imp completely misses you. Natasha claws you.
The ribbon worm bites you.
The cerulean imp hits you from afar with a +2 spear.
Natasha claws you.
You barely miss Natasha. You kick Natasha.
Natasha is almost dead.
You hit the rat.
The rat suddenly stops moving!
You barely miss the ribbon worm.
The cerulean imp hits you from afar with a +2 spear.
The ribbon worm closely misses you.
Natasha casts a spell.
The cerulean imp barely misses you.
The ribbon worm expels a string of sticky webbing.
The stream of webbing hits you but does no damage.
You are caught in a web!
You struggle to detach yourself from the web.
The rat is no longer paralysed.
Natasha claws you.
* * * LOW HITPOINT WARNING * * *
The rat bites you.
* * * LOW HITPOINT WARNING * * *
The cerulean imp hits you from afar with a +2 spear.
* * * LOW HITPOINT WARNING * * *
The cerulean imp barely misses you. The rat bites you but does no damage.
Natasha claws you but does no damage. The ribbon worm bites you.
* * * LOW HITPOINT WARNING * * *
Unknown command.
It was a potion of resistance.
You feel protected.
The cerulean imp hits you but does no damage. x2
Natasha claws you but does no damage. The rat completely misses you.
The ribbon worm bites you but does no damage.
The cerulean imp hits you from afar with a +2 spear.
You die...
Xom thinks this is hilarious!

###.##...#.##.###.####
..#.##......>.......?#
#.............##.#.#.##
..#.###.##.#####......#
###..##.##.###..†.###....
###..#..........#.# # .
.†.........##.....#.#....
###..#.######.#.rw..(...#
#...........5.@##.##...
#..........###h# ..#
##)#.###.#. 5l. ... #.#.#
.. ##.#. .#.# #)#.# .
..##. #... #.#.# ... ..
.# #.# ... #. #.# ..#. .#
#)#


You could see a ribbon worm (very poisoned), Natasha, 2 cerulean imps, a frilled
lizard and a rat.

Vanquished Creatures
  Terence (D:2)
  Robin (D:2)
  A dart slug (D:2)
  3 endoplasms (D:1)
  2 giant cockroaches
  16 goblins
  4 hobgoblins
  6 jackals (D:1)
  A quokka (D:2)
  2 ball pythons (D:1)
  2 bats (D:1)
  5 frilled lizards (D:1)
  3 kobolds
  6 rats
53 creatures vanquished.

Notes
Turn   | Place    | Note
-------+----------+-------------------------------------------
     0 | D:1      | ezpacito the Demonspawn Chaos Knight began the quest for
                  | the Orb.
     0 | D:1      | Reached XP level 1. HP: 18/18 MP: 1/1
    19 | D:1      | XOM: potion effect (might)
    42 | D:1      | Reached skill level 1 in Dodging
    48 | D:1      | Gained mutation: You have large cloven feet. [demonic
                  | ancestry]
    48 | D:1      | Reached XP level 2. HP: 23/24 MP: 2/2
    60 | D:1      | XOM: silly message
    94 | D:1      | XOM: silly message
   154 | D:1      | XOM: silly message
   307 | D:1      | XOM: divination: detect creatures
   344 | D:1      | Reached XP level 3. HP: 26/29 MP: 4/4
   618 | D:2      | Noticed Terence
   628 | D:2      | Killed Terence
   629 | D:2      | Reached skill level 1 in Unarmed Combat
   629 | D:2      | Reached skill level 1 in Spellcasting
   631 | D:2      | Gained mutation: Your demonic aura sometimes causes spilled
                  | blood to erupt in flames. [demonic ancestry]
   631 | D:2      | Reached XP level 4. HP: 24/35 MP: 5/5
   716 | D:2      | Noticed Robin
   723 | D:2      | Killed Robin
   727 | D:2      | XOM: confuse monster(s)
   769 | D:2      | Noticed Natasha
   778 | D:2      | HP: 1/35 [ribbon worm (2)]
   779 | D:2      | Slain by a cerulean imp

Illustrated notes

Levels and vault maps discovered:
D:1:      dpeg_arrival_boxorama, layout_rooms, minmay_misc_feat_alley
D:2:      layout_loops_ring, minmay_fractal_squares_5, uniq_robin, uniq_natasha,
          uniq_terence

Skill      XL: |  1  2  3 |
---------------+----------+-----
Dodging        | 1 |  1.4
Armour         | 2 |  2.1
Axes           | 3 |  3.0
Unarmed Combat | 1 |  1.2
Spellcasting   | 1 |  1.1
Fighting       | |  3.5
Polearms       | |  0.5
Stealth        | |  0.9

Action                     |  1- 3 |  4- 6 || total
---------------------------+-------+-------++-------
  Melee: Hand axe          |    78 |    16 ||    94
         Kick              |    14 |     7 ||    21
    Use: Potion            |       |     1 ||     1
 Armour: Leather armour    |    42 |    30 ||    72
  Dodge: Dodged            |    65 |    12 ||    77

Table legend: (Time is in decaauts)
 A = Elapsed time spent in this place.
 B = Non-inter-level travel time spent in this place.
 C = Inter-level travel time spent in this place.
 D = Time resting spent in this place.
 E = Time spent auto-exploring this place.
 F = Levels seen in this place.
 G = Mean time per level.
                   A        B        C        D        E       F      G
               +--------+--------+--------+--------+--------+-----+--------+
         Total |    796 |    790 |      6 |      0 |    532 |   2 |  398.0 |
       Dungeon |    796 |    790 |      6 |      0 |    532 |   2 |  398.0 |
               +--------+--------+--------+--------+--------+-----+--------+

Top non-repeatable levels by time:
     D:1: 600 daAuts
     D:2: 195 daAuts
